AoeStats
← Drumstein

Black Forest

507673600Analyzed
4v4 RM · 13d ago on Sep 19, 2026· 62m 42s· 8 players
Game mode
Random Map
Map size
Large (8 player)
Population
200
Speed
Normal
Resources
Standard
Victory
Conquest
Starting age
Dark Age
Ending age
Imperial Age
RankedLock teamsTeams togetherTeam positionsShared explorationLock speedFull tech treeHidden civsTurbo modeCheats
Victory
Defeat
🇨🇳 Japanese · China
1175
+11
🇳🇿 Gurjaras · New Zealand
1134
+12
🇻🇳 Saracens · Vietnam
1096
+14
🇧🇩 Portuguese · Bangladesh
1070
+15
🇺🇸 Georgians · United States
1108
-15
🇲🇽 Slavs · Mexico
1076
-14
🇦🇷 Khmer · Argentina
1015
-12
🇩🇪 Malay · Germany
990
-11
笑春风
3:43 Loom
11:35 Feudal Age
15:45 Castle Age
13:36 Double-Bit Axe
14:02 Fishing Lines
14:04 Horse Collar
17:03 Wheelbarrow
16:31 Gillnets
18:06 Bow Saw
26:41 Imperial Age
24:14 Fletching
24:41 Scale Mail Armor
24:42 Padded Archer Armor
25:07 Treadmill Crane
26:05 Bodkin Arrow
26:02 Gold Mining
26:14 Pikeman
26:56 Squires
26:42 Arson
27:10 Forging
28:12 Bracer
27:49 Man-at-Arms
28:49 Gambesons
28:25 Long Swordsman
29:33 Chain Mail Armor
30:10 Iron Casting
30:06 Conscription
29:32 Two-Handed Swordsman
30:52 Champion
32:05 Plate Mail Armor
32:07 Town Watch
32:30 Heavy Plow
33:39 Blast Furnace
34:51 Chemistry
36:09 Kataparuto
36:35 Coinage
39:21 Leather Archer Armor
39:13 Scale Barding Armor
38:59 Halberdier
39:41 Yasama
40:08 Hand Cart
40:55 Two-Man Saw
41:42 Ring Archer Armor
42:55 Gold Shaft Mining
42:11 Stone Mining
43:33 Ballistics
43:24 Masonry
43:05 Guard Tower
44:05 Elite Samurai
51:55 Fervor
51:41 Herbal Medicine
51:47 Atonement
52:24 Keep
51:44 Murder Holes
51:55 Siege Engineers
52:01 Fortified Wall
57:04 Banking
56:34 Caravan
61:48 Scale Barding Armor
62:02 Block Printing
62:13 Illumination
61:48 Devotion
61:59 Redemption
62:09 Sanctity
62:24 Theocracy
61:38 Arrowslits
quocdaicd15s1
1:36 Loom
14:31 Feudal Age
18:45 Castle Age
18:28 Horse Collar
19:24 Wheelbarrow
26:47 Treadmill Crane
34:29 Imperial Age
31:46 Double-Bit Axe
32:06 Heavy Plow
33:11 Forging
33:01 Scale Mail Armor
33:07 Scale Barding Armor
33:26 Ballistics
33:19 Masonry
33:30 Ballistics
35:28 Iron Casting
35:14 Chain Barding Armor
35:09 Chain Mail Armor
35:14 Bloodlines
35:04 Husbandry
35:17 Husbandry
35:38 Chain Mail Armor
35:37 Gold Mining
35:38 Stone Mining
37:15 Blast Furnace
37:53 Plate Barding Armor
37:44 Conscription
37:12 Elite Mameluke
39:02 Chemistry
38:58 Gold Shaft Mining
39:21 Bow Saw
40:06 Plate Mail Armor
42:31 Fletching
42:41 Padded Archer Armor
43:59 Bodkin Arrow
44:19 Leather Archer Armor
43:26 Elite Skirmisher
44:12 Thumb Ring
45:08 Bracer
45:19 Siege Engineers
45:11 Murder Holes
45:49 Squires
45:10 Pikeman
45:35 Arson
48:03 Hand Cart
48:20 Ring Archer Armor
50:01 Two-Man Saw
51:55 Town Watch
53:52 Town Patrol
55:06 Light Cavalry
55:47 Husbandry
scrawnny12
10:29 Feudal Age
11:37 Double-Bit Axe
11:35 Horse Collar
14:33 Castle Age
15:39 Bow Saw
16:31 Heavy Plow
19:01 Wheelbarrow
21:29 Loom
22:05 Hand Cart
22:35 Stone Mining
22:42 Gold Mining
26:35 Ballistics
28:48 Imperial Age
26:37 Fletching
27:10 Bodkin Arrow
27:23 Treadmill Crane
28:07 Padded Archer Armor
28:59 Gold Shaft Mining
28:35 Kshatriyas
29:15 Thumb Ring
29:05 Elite Elephant Archer
30:09 Conscription
30:00 Bracer
31:33 Chemistry
32:36 Caravan
34:24 Frontier Guards
37:45 Leather Archer Armor
38:58 Husbandry
39:09 Bloodlines
41:13 Coinage
49:01 Town Watch
ImranAOE
1:23 Loom
12:23 Feudal Age
16:24 Castle Age
14:25 Horse Collar
14:31 Double-Bit Axe
17:19 Bow Saw
17:11 Heavy Plow
23:57 Ballistics
29:41 Masonry
32:14 Imperial Age
30:11 Masonry
29:42 Treadmill Crane
31:41 Wheelbarrow
30:59 Gold Mining
31:02 Stone Mining
32:29 Hand Cart
33:01 Stone Shaft Mining
34:20 Chemistry
32:42 Elite Organ Gun
33:43 Conscription
34:24 Architecture
34:07 Siege Engineers
34:10 Fletching
34:35 Arquebus
34:56 Town Watch
35:43 Bombard Tower
36:42 Bodkin Arrow
37:02 Pikeman
37:46 Bracer
37:47 Scale Mail Armor
37:57 Forging
40:07 Halberdier
41:05 Chain Mail Armor
41:26 Iron Casting
42:18 Plate Mail Armor
55:01 Two-Man Saw
Gonnar
0:28 Loom
12:24 Feudal Age
15:17 Fishing Lines
17:53 Double-Bit Axe
21:57 Castle Age
20:28 Horse Collar
20:56 Stone Mining
22:17 Gold Mining
23:25 Bow Saw
24:11 Wheelbarrow
25:37 Gillnets
28:58 Gold Shaft Mining
30:23 Caravan
30:40 Detinets
33:44 Imperial Age
32:48 Hand Cart
32:56 Husbandry
33:07 Bloodlines
33:05 Scale Barding Armor
34:57 Chain Barding Armor
34:48 Forging
34:30 Capped Ram
34:33 Elite Boyar
35:35 Conscription
35:34 Heavy Plow
36:39 Two-Man Saw
37:55 Plate Barding Armor
37:57 Iron Casting
38:08 Siege Ram
40:56 Blast Furnace
39:48 Fletching
47:08 Bodkin Arrow
50:25 Druzhina
50:33 Pikeman
51:14 Squires
51:16 Scale Mail Armor
52:06 Halberdier
55:12 Chain Mail Armor
56:45 Plate Mail Armor
Jonyboi
11:22 Feudal Age
12:21 Double-Bit Axe
15:03 Horse Collar
17:42 Castle Age
18:29 Loom
19:22 Wheelbarrow
20:16 Heavy Plow
20:40 Bow Saw
24:21 Hand Cart
24:30 Loom
24:33 Town Watch
27:50 Gold Mining
29:23 Stone Mining
32:56 Imperial Age
32:41 Svan Towers
33:22 Stone Shaft Mining
32:58 Town Patrol
34:47 Chemistry
33:41 Arrowslits
33:47 Guard Tower
34:18 Ballistics
33:54 Murder Holes
33:25 Onager
34:28 Fletching
34:40 Arrowslits
35:16 Ballistics
36:42 Keep
36:03 Murder Holes
36:30 Bodkin Arrow
38:41 Siege Onager
38:54 Siege Onager
49:55 Elite Skirmisher
52:14 Bracer
52:14 Padded Archer Armor
53:59 Leather Archer Armor
56:52 Crossbowman
57:00 Crossbowman
57:08 Heavy Cavalry Archer
58:13 Parthian Tactics
Drumstein
0:38 Loom
14:01 Feudal Age
13:36 Double-Bit Axe
21:20 Castle Age
21:13 Bow Saw
23:49 Wheelbarrow
24:44 Man-at-Arms
25:50 Long Swordsman
27:23 Squires
32:07 Imperial Age
29:24 Town Watch
29:05 Pikeman
30:43 Murder Holes
30:54 Horse Collar
31:13 Two-Handed Swordsman
32:33 Conscription
34:10 Elite Skirmisher
35:41 Ballistics
36:46 Hand Cart
57:19 Thumb Ring
QuesoRuso
1:26 Loom
13:33 Feudal Age
17:08 Castle Age
16:54 Double-Bit Axe
17:11 Gold Mining
18:13 Horse Collar
19:06 Heavy Plow
21:31 Bow Saw
26:50 Wheelbarrow
32:00 Imperial Age
31:47 Hand Cart
31:17 Town Watch
33:02 Conscription
32:33 Pikeman
32:58 Arson
33:27 Forging
33:18 Scale Mail Armor
33:00 Capped Ram
33:58 Tusk Swords
35:03 Onager
36:12 Halberdier
37:01 Husbandry
37:11 Bloodlines
38:27 Crop Rotation
38:01 Light Cavalry
38:49 Scale Barding Armor
39:22 Iron Casting
39:50 Chemistry
38:37 Hussar
43:29 Siege Ram
48:43 Chain Barding Armor
49:25 Blast Furnace
Connection lost

Rejoining the realm…

Still unreachable

The connection could not be restored.

Session expired

The server has moved on; the page needs a fresh start.